 Seeded DCSS version 0.29-a0-72-g1732ff48e7 (webtiles) character file.

Game seed: 10000000000011 (custom seed)

80 knot the Chopper (level 4, -5/35 HPs)
             Began as a Demonspawn Berserker on Feb 4, 2022.
             Was a Believer of Trog.
             Slain by an ogre (23 damage)
             ... on level 3 of the Dungeon.
             The game lasted 00:01:10 (2724 turns).

knot the Chopper (Demonspawn Berserker)             Turns: 2724, Time: 00:01:10

Health: -5/35      AC:  2    Str: 18    XL:     4   Next: 18%
Magic:  4/4        EV: 12    Int: 10    God:    Trog [**....]
Gold:   73         SH:  5    Dex: 12    Spells: 3/3 levels left

rFire   . . .      SeeInvis .   a - +0 hand axe
rCold   . . .      Faith    .   (no shield)
rNeg    . . .      Spirit   .   b - +0 animal skin
rPois   .          Reflect  +   (no helmet)
rElec   .          Harm     .   (no cloak)
rCorr   .          Rampage  .   (no gloves)
Will    .....                   (no boots)
Stlth   +.........              d - amulet of reflection
HPRegen 0.11/turn               (no ring)
MPRegen 0.18/turn               (no ring)

@: no status effects
A: magic regeneration, demonic touch 1
a: Renounce Religion, Berserk, Trog's Hand


You were on level 3 of the Dungeon.
You worshipped Trog.
Trog was pleased with you.
You visited 1 branch of the dungeon, and saw 3 of its levels.

You collected 73 gold pieces.

Inventory:

Hand Weapons
 a - a +0 hand axe (weapon)
Missiles
 f - 23 stones (quivered)
 i - 2 poisoned darts
Armour
 b - a +0 animal skin (worn)
Jewellery
 d - an amulet of reflection (around neck)
Scrolls
 c - a scroll of amnesia {unknown}
 k - a scroll of identify {unknown}
 m - a scroll of blinking {unknown}
Potions
 e - a potion of curing {unknown}
 g - a potion of lignification {unknown}
 h - a potion of might {unknown}
 j - a potion of magic {unknown}
 l - a potion of heal wounds {unknown}


   Skills:
 - Level 3.0 Fighting
 + Level 4.6 Axes
 - Level 1.7 Armour
 - Level 1.7 Dodging


You had 3 spell levels left.
You didn't know any spells.
Your spell library contained the following spells:

 Spells                   Type           Power      Damage    Failure   Level
 Corpse Rot               Necr/Air       0%         N/A       50%         2
 Ensorcelled Hibernation  Hex/Ice        0%         N/A       50%         2
 Passwall                 Tmut/Erth      0%         N/A       50%         2
 Poisonous Vapours        Pois/Air       0%         N/A       50%         2
 Swiftness                Air            0%         N/A       75%         3


Dungeon Overview and Level Annotations

Branches:
Dungeon (3/15)

Altars:


Innate Abilities, Weirdness & Mutations

You regenerate magic rapidly.
Your touch may inflict minor irresistible damage on your foes.


Message History

No target in view!
The bat barely misses you. The bat barely misses you.
A bat is nearby!
You slash the bat!
You kill the bat!
Trog accepts your kill.
No target in view!
No target in view!
Found a stone staircase leading up.
Key pressed, stopping explore.
No target in view!
No target in view!
No target in view!
No target in view!
There is a stone staircase leading up here.
A bat comes into view.
A bat is nearby!
The bat barely misses you.
You hit the bat.
The bat is severely wounded.
The bat barely misses you. The bat hits you.
A bat is nearby!
You slash the bat!
You kill the bat!
Trog accepts your kill.
No target in view!
HP restored.
You now have 73 gold pieces (gained 2).
An ogre comes into view. It is wielding a +0 giant spiked club.
An ogre is nearby!
An ogre is nearby!
A frilled lizard comes into view.
The ogre hits you with a +0 giant spiked club!
The frilled lizard hisses angrily.
You hit the ogre but do no damage.
You touch the ogre.
The ogre is lightly wounded.
The ogre hits you with a +0 giant spiked club!!
Ouch! That really hurt!
You die...

#.. #.. ###.. ###....
#...... #.#.... ......#
......O#### #.....#
....l..@..## #.....#
......##...# ###.....#
......##...###.......###
............##..........
........####.##....#..#
..##.#.# #..........#
.... ## ##.##.###..###
## #.# #...#.# #.....
+.###.# #.....# #..###


You could see an ogre and a frilled lizard.

Vanquished Creatures
  3 adders (D:2)
  4 endoplasms
  A giant cockroach (D:1)
  3 goblins
  4 hobgoblins
  14 jackals
  A ball python (D:2)
  7 bats
  4 frilled lizards
  2 kobolds (D:2)
  5 rats
48 creatures vanquished.

Notes
Turn   | Place    | Note
-------+----------+-------------------------------------------
     0 | D:1      | knot the Demonspawn Berserker began the quest for the Orb.
     0 | D:1      | Reached XP level 1. HP: 18/18 MP: 1/1
   107 | D:1      | Reached skill level 3 in Axes
   442 | D:1      | Gained mutation: You regenerate magic rapidly. [demonic
                  | ancestry]
   442 | D:1      | Reached XP level 2. HP: 19/24 MP: 2/2
  1496 | D:2      | Gained mutation: Your touch may inflict minor irresistible
                  | damage on your foes. [demonic ancestry]
  1496 | D:2      | Reached XP level 3. HP: 27/29 MP: 3/3
  1555 | D:2      | Reached ** piety under Trog
  1563 | D:2      | Reached skill level 4 in Axes
  2408 | D:2      | Reached XP level 4. HP: 35/35 MP: 4/4
  2720 | D:3      | Noticed an ogre
  2724 | D:3      | Slain by an ogre

Illustrated notes

Levels and vault maps discovered:
D:1:      lordsloth_arrival_two_stooges, layout_basic, grunt_decor_fettered,
          minmay_misc_feat_diagonals, nicolae_concentric_dashed_squares_wild
D:2:      layout_rooms, hangedman_decor_clover_reticule
D:3:      layout_basic, serial_shops, shop, kennysheep_path_1

Skill      XL: |  1  2  3 |
---------------+----------+-----
Axes           | 3 4 |  4.6
Fighting       | |  3.0
Armour         | |  1.7
Dodging        | |  1.7

Action                   |  1- 3 |  4- 6 || total
-------------------------+-------+-------++-------
Melee: Hand axe          |   119 |    14 ||   133
       Touch             |     4 |     1 ||     5
Armor: Animal skin       |    24 |     5 ||    29
Dodge: Dodged            |    87 |     8 ||    95
Block: Other             |    36 |     2 ||    38

Table legend: (Time is in decaauts)
 A = Elapsed time spent in this place.
 B = Non-inter-level travel time spent in this place.
 C = Inter-level travel time spent in this place.
 D = Time resting spent in this place.
 E = Time spent auto-exploring this place.
 F = Levels seen in this place.
 G = Mean time per level.
                   A        B        C        D        E       F      G
               +--------+--------+--------+--------+--------+-----+--------+
         Total |   2738 |   2695 |     43 |   1042 |   1361 |   3 |  912.7 |
       Dungeon |   2738 |   2695 |     43 |   1042 |   1361 |   3 |  912.7 |
               +--------+--------+--------+--------+--------+-----+--------+

Top non-repeatable levels by time:
     D:1: 1492 daAuts
     D:2: 1135 daAuts
     D:3: 110 daAuts
